 Dungeon Crawl Stone Soup version 0.20.1-1-g8b1a95d (webtiles) character file.

3 tidbits the Insei (level 1, -1/15 HPs)
             Began as a Demigod Transmuter on Aug 31, 2017.
             Slain by a jackal (3 damage)
             ... on level 1 of the Dungeon.
             The game lasted 00:01:03 (81 turns).

tidbits the Insei (Demigod Transmuter)                Turns: 81, Time: 00:01:04

Health: -1/15      AC:  2    Str: 13    XL:     1   Next: 33%
Magic:  4/5        EV: 12    Int: 17    God:
Gold:   7          SH:  0    Dex: 16    Spells: 3/4 levels left

rFire    . . .     SeeInvis .     - Unarmed
rCold    . . .     Gourm    .   (no shield)
rNeg     . . .     Faith    .   b - +0 robe
rPois    .         Spirit   .   (no helmet)
rElec    .         Reflect  .   (no cloak)
rCorr    .         Harm     .   (no gloves)
MR       .....                  (boots currently unavailable)
Stlth    +.........             (no amulet)
Regen    0.1/turn               (no ring)
MPRegen  0.1/turn               (no ring)

@: appendage (expiring)
A: talons 3, high mp 1
a: End Transformation


You were on level 1 of the Dungeon.
You were not hungry.
You had grown temporary talons.
You visited 1 branch of the dungeon, and saw 2 of its levels.

You collected 7 gold pieces.

Inventory:

Missiles
 a - 12 arrows
Armour
 b - a +0 robe (worn)
Books
 c - a book of Changes

   Spells                             Type                      Level
   a - Beastly Appendage              Transmutation                1
   b - Sticks to Snakes               Transmutation                2
   c - Spider Form                    Transmutation/Poison         3
   d - Ice Form                       Ice/Transmutation            4
   e - Blade Hands                    Transmutation                5
Comestibles
 d - a bread ration


   Skills:
 - Level 0.8 Fighting
 - Level 1.7 Dodging
 * Level 2.6 Unarmed Combat
 - Level 2.0 Spellcasting
 + Level 1.7 Transmutations


You had 3 spell levels left.
You knew the following spells:

 Your Spells              Type           Power        Failure   Level  Hunger
e - Beastly Appendage     Tmut           #.....       10%         1    #......


Dungeon Overview and Level Annotations

Branches:
Dungeon (2/15)


Innate Abilities, Weirdness & Mutations

You have an increased reservoir of magic. (+10% MP)
You have claws for feet.


Message History

The bat zombie hits you but does no damage. x2
The bat zombie hits you.
You hit the bat zombie.
You destroy the bat zombie!
You open the door.
There is an open door here.
Casting: Beastly Appendage
Confirm with . or Enter, or press ? or * to list all spells.
You extend your transformation's duration.
You open the door.
There is an open door here.
Your transformation is almost over.
You open the large door.
A ball python zombie comes into view.
There is a large open door here.
There is a large open door here.
Casting: Beastly Appendage
Confirm with . or Enter, or press ? or * to list all spells.
You extend your transformation's duration.
You hit the ball python zombie.
The ball python zombie is severely damaged.
The ball python zombie bites you but does no damage.
The ball python zombie grabs you. The ball python zombie constricts you.
You barely miss the ball python zombie.
Your headbutt misses the ball python zombie.
The ball python zombie is severely damaged.
The ball python zombie bites you but does no damage.
The ball python zombie constricts you.
You hit the ball python zombie.
You destroy the ball python zombie!
Your transformation is almost over.
You open the large door.
There is a large open door here.
There is a large open door here.
You open the door.
Found an escape hatch in the floor.
There is an open door here.
Your horns disappear.
There is an escape hatch in the floor here.
You slide downwards.
The hatch slams shut behind you.
A hobgoblin comes into view. It is wielding a club.
Found 16 gold pieces.
Casting: Beastly Appendage
Confirm with . or Enter, or press ? or * to list all spells.
Your feet morph into talons.
The helpless hobgoblin fails to defend itself.
You hit the hobgoblin but do no damage. You hit the hobgoblin.
You punch the hobgoblin, but do no damage.
The hobgoblin is heavily wounded.
The hobgoblin barely misses you.
You barely miss the hobgoblin. Your kick misses the hobgoblin.
The hobgoblin is heavily wounded.
The hobgoblin barely misses you.
You closely miss the hobgoblin. You claw the hobgoblin.
You kill the hobgoblin!
Your Spellcasting skill increases to level 2!
Your transformation is almost over.
Found a stone staircase leading up.
You see here a club.
A goblin comes into view.
Found 12 gold pieces.
The goblin shouts!
You see here 7 gold pieces.
You now have 7 gold pieces.
A bat comes into view.
Your talons disappear.
A leopard gecko and a kobold come into view.
The kobold is wielding a whip of venom.
The leopard gecko hisses angrily.
Found 8 gold pieces.
There is a stone staircase leading up here.
Casting: Beastly Appendage
Confirm with . or Enter, or press ? or * to list all spells.
Your feet morph into talons.
The leopard gecko bites you.
You climb upwards.
The jackal barks!
The hobgoblin shouts! x2
A bat, 2 jackals and a kobold come into view.
The jackal barks!
The kobold shouts!
The jackal closely misses you. The jackal bites you.
The jackal closely misses you. The jackal barely misses you.
Found 6 gold pieces.
There is a stone staircase leading down here.
Unknown command.
You aren't carrying any potions.
Unknown command.
Your transformation is almost over.
The bat barely misses you. The jackal closely misses you.
The jackal bites you. x2
* * * LOW HITPOINT WARNING * * *
The jackal bites you but does no damage.
The jackal closely misses you. The bat hits you but does no damage.
The jackal misses you. The jackal bites you.
* * * LOW HITPOINT WARNING * * *
The jackal bites you.
* * * LOW HITPOINT WARNING * * *
The jackal bites you.
You die...

...##+#........#
...............#
#............#
..#........g...#
.......>.......#
.......g.......#
...........K...#
..........bh#..#
........$.hh@..#
..........l##.##
............ ...
########......##.#
# ## ≈≈≈≈##### #
≈♣≈# ####≈#
##8#### #≈ ......+
#≈ 8#'#8##


You could see a leopard gecko, 3 jackals, 2 hobgoblins, a bat and a kobold.

Vanquished Creatures
  A bat zombie (D:1)
  A hobgoblin (D:2)
  A ball python zombie (D:1)
3 creatures vanquished.

Notes
Turn   | Place    | Note
-------+----------+-------------------------------------------
     0 | D:1      | tidbits the Demigod Transmuter began the quest for the Orb.
     0 | D:1      | Reached XP level 1. HP: 15/15 MP: 5/5
    60 | D:2      | Reached skill level 2 in Spellcasting
    81 | D:1      | Slain by a jackal

Skill      XL: |  1 |
---------------+----+-----
Spellcasting   | 2 |  2.0
Fighting       | |  0.8
Dodging        | |  1.7
Unarmed Combat | |  2.6
Transmutations | |  1.7

Action                   || total
-------------------------++-------
Melee: Unarmed           ||     9
       Punch             ||     2
       Kick              ||     1
       Headbutt          ||     1
 Cast: Beastly Appendage ||     5
 Stab: Sleeping          ||     1
Armor: Robe              ||     7
Dodge: Dodged            ||    10

Table legend:
 A = Turns spent in this place as a percentage of turns spent in the entire game.
 B = Non-inter-level travel turns spent in this place as a percentage of non-inter-level travel turns spent in the entire game.
 C = Inter-level travel turns spent in this place as a percentage of turns spent in this place.
 D = Turns resting spent in this place as a percentage of non-inter-level travel turns spent in this place.
 E = Turns spent auto-exploring this place as a percentage of non-inter-level travel turns spent in this place.
 F = Non-inter-level travel turns spent in this place divided by the number of levels of this place that you've seen.
                   A       B       C       D       E      F
               +-------+-------+-------+-------+-------+----------------------
         Total | 100.0 | 100.0 |   0.0 |   0.0 |   0.0 |  42.5
       Dungeon | 100.0 | 100.0 |   0.0 |   0.0 |   0.0 |  42.5
               +-------+-------+-------+-------+-------+----------------------

Table legend:
 A = Kills in this place as a percentage of kills in entire the game.
 B = Kills by you in this place as a percentage of kills by you in the entire game.
 C = Kills by friends in this place as a percentage of kills by friends in the entire game.
 D = Other kills in this place as a percentage of other kills in the entire game.
 E = Experience gained in this place as a percentage of experience gained in the entire game.
 F = Experience gained in this place divided by the number of levels of this place that you have seen.
                   A       B       C       D       E      F
               +-------+-------+-------+-------+-------+----------------------
         Total | 100.0 | 100.0 |  -nan |  -nan | 100.0 |   2.5
       Dungeon | 100.0 | 100.0 |  -nan |  -nan | 100.0 |   2.5
               +-------+-------+-------+-------+-------+----------------------

Vault maps used:
D:1:      saegor_arrival_fortress, supply_closet_lemuel
D:2:      nicolae_overflow_crystal_walls, okawaru_gym_becter, tgw_fedhas,
          fiery_altar_vehumet, minivault_14, corner_web_ring
